 Dungeon Crawl Stone Soup version 0.23.2-1-ga50397a6bc (webtiles) character file.

Game seed: 2218551077728894774

98 DildoBatman the Conjurer (level 5, -5/35 HPs)
             Began as a Formicid Wizard on Apr 24, 2019.
             Slain by a river rat (10 damage)
             ... in a sewer.
             The game lasted 00:04:02 (1495 turns).

DildoBatman the Conjurer (Formicid Wizard)          Turns: 1495, Time: 00:04:03

Health: -5/35      AC:  3    Str: 12    XL:     5   Next: 0%
Magic:  1/9        EV: 12    Int: 18    God:
Gold:   124        SH:  0    Dex: 13    Spells: 3/10 levels left

rFire    . . .     SeeInvis +   g - +0 short sword
rCold    . . .     Gourm    .   (no shield)
rNeg     . . .     Faith    .   a - +0 robe
rPois    .         Spirit   .   (helmet unavailable)
rElec    .         Reflect  .   (no cloak)
rCorr    .         Harm     .   n - +0 pair of gloves
MR       +....                  (no boots)
Stlth    ++........             (no amulet)
HPRegen  0.11/turn              j - +4 ring of dexterity
MPRegen  0.11/turn              t - ring of protection from magic

@: very slightly contaminated
A: permanent stasis, dig shafts and tunnels, four strong arms, antennae 3
a: Dig, Shaft Self


You were in a sewer.
You were not hungry.

You visited 1 branch of the dungeon, and saw 3 of its levels.
You also visited: Sewer.

You collected 124 gold pieces.

Inventory:

Hand Weapons
 g - a +0 short sword (weapon)
 m - a +0 hunting sling
 p - a +1 mace of holy wrath
 q - a +0 dagger of speed
Missiles
 b - 115 stones (quivered)
 r - a throwing net
 x - 14 sling bullets
Armour
 a - a +0 robe (worn)
 n - a +0 pair of gloves (worn)
Jewellery
 j - a +4 ring of dexterity (left hand)
 t - a ring of protection from magic (right hand)
Scrolls
 c - a scroll of blinking {unknown}
 d - 3 scrolls of teleportation {unknown}
 f - a scroll of magic mapping {unknown}
 h - 2 scrolls of identify {unknown}
 k - a scroll of fear {unknown}
 w - a scroll of immolation {unknown}
Potions
 e - a potion of cancellation {unknown}
 i - 2 potions of flight {unknown}
 l - 3 potions of lignification {unknown}
 s - a potion of haste {unknown}
 u - a potion of degeneration {unknown}
 z - 2 potions of might {unknown}
Comestibles
 o - a chunk of flesh
 v - 5 rations


   Skills:
 - Level 1.7 Dodging
 - Level 2.4 Stealth
 - Level 3.2 Spellcasting
 * Level 4.0 Conjurations
   Level 1.0 Summonings
   Level 0.8 Translocations


You had 3 spell levels left.
You knew the following spells:

 Your Spells              Type           Power        Failure   Level  Hunger
a - Conjure Flame         Conj/Fire      ##......     22%         3    ###....
c - Magic Dart            Conj           ###.         3%          1    None
e - Mephitic Cloud        Conj/Pois/Air  #.......     28%         3    ###....

Your spell library contained the following spells:

 Spells                   Type           Power        Failure   Level  Hunger
 Call Imp                 Summ           #.......     16%         2    ##.....
 Slow                     Hex            #.......     24%         2    ##.....
 Blink                    Tloc           Unusable     N/A         2    N/A

Dungeon Overview and Level Annotations

Branches:
Dungeon (3/15)

Altars:
Ashenzari
Makhleb


Innate Abilities, Weirdness & Mutations

You cannot be hasted, slowed, berserked, paralysed or teleported.
You can dig through walls and to a lower floor.
Your four strong arms can wield two-handed weapons with a shield.
You have a pair of large antennae on your head. (SInv)


Message History

Casting: Magic Dart (safe; 3% risk of failure)
Confirm with . or Enter, or press ? or * to list all spells.
Aiming: Magic Dart (safe; 3% risk of failure)
Press: ? - help, Shift-Dir - straight line, f/p - river rat
Aim: a river rat (moderately wounded)
The magic dart hits the river rat but does no damage.
The river rat is moderately wounded.
The river rat bites you!
You barely miss the river rat.
The river rat is moderately wounded.
The river rat completely misses you.
Casting: Magic Dart (safe; 3% risk of failure)
Confirm with . or Enter, or press ? or * to list all spells.
Aiming: Magic Dart (safe; 3% risk of failure)
Press: ? - help, Shift-Dir - straight line, f/p - river rat
Aim: a river rat (moderately wounded)
The magic dart hits the river rat but does no damage.
The river rat is moderately wounded.
The river rat bites you!
You die...

{ ## #.# #.# #.#
### #r#..#
####@# ##.#..#
##.÷.###
##†###.#
#######.########
.≈≈.≈....≈.≈≈.∩#
≈≈.≈.........≈∩#
################


You could see a river rat.

Vanquished Creatures
  A hound (D:2)
  2 adders (D:2)
  2 river rats (Sewer)
  A worm (D:2)
  A dart slug (D:1)
  2 bats
  3 giant cockroaches
  3 goblins
  2 hobgoblins
  6 frilled lizards
  5 kobolds
  5 rats
33 creatures vanquished.

Vanquished Creatures (collateral kills)
  An orc (D:3)
1 creature vanquished.

Grand Total: 34 creatures vanquished

Notes
Turn   | Place    | Note
-------+----------+-------------------------------------------
     0 | D:1      | DildoBatman the Formicid Wizard began the quest for the
                  | Orb.
     0 | D:1      | Reached XP level 1. HP: 13/13 MP: 4/4
    98 | D:1      | Reached skill level 1 in Conjurations
   154 | D:1      | Found a shattered altar of Ashenzari.
   283 | D:1      | Reached XP level 2. HP: 15/19 MP: 0/6
   353 | D:1      | You fall through a shaft!
   393 | D:1      | Reached skill level 2 in Conjurations
   700 | D:2      | Reached XP level 3. HP: 24/24 MP: 0/7
   705 | D:2      | Learned a level 3 spell: Conjure Flame
   709 | D:2      | Learned a level 3 spell: Mephitic Cloud
  1040 | D:2      | Reached skill level 3 in Conjurations
  1170 | D:2      | Noticed an ogre
  1209 | D:2      | Reached XP level 4. HP: 21/30 MP: 1/8
  1233 | D:3      | Found a burning altar of Makhleb.
  1302 | D:3      | Found a glowing drain.
  1308 | Sewer    | Entered a sewer
  1431 | Sewer    | Reached skill level 4 in Conjurations
  1431 | Sewer    | Reached XP level 5. HP: 35/35 MP: 4/9
  1495 | Sewer    | Slain by a river rat

Skill      XL: |  1  2  3  4 |
---------------+-------------+-----
Conjurations   | 1 2 3 4 |  4.0
Dodging        | |  1.7
Stealth        | |  2.4
Spellcasting   | |  3.2
Summonings     | |  1.0
Translocations | |  0.8

Action                   |  1- 3 |  4- 6 || total
-------------------------+-------+-------++-------
Melee: Short sword       |    28 |     7 ||    35
 Cast: Magic Dart        |    60 |    21 ||    81
       Mephitic Cloud    |     1 |     1 ||     2
 Abil: Dig               |     1 |     1 ||     2
  Eat: Chunk             |     1 |     1 ||     2
Armor: Robe              |     5 |     2 ||     7
Dodge: Dodged            |    33 |    18 ||    51
